 Dungeon Crawl Stone Soup version 0.29-a0-284-gf9362112df (webtiles) character file.

Game seed: 15939569947758800829

22353 Dabor the Protected (level 12, -30/72 HPs)
             Began as a Gargoyle Fighter on Mar 14, 2022.
             Was an Elder of Hepliaklqana.
             Annihilated by a titanic slime creature (71 damage)
             ... on level 13 of the Dungeon.
             The game lasted 00:34:18 (15402 turns).

Dabor the Protected (Gargoyle Fighter)             Turns: 15402, Time: 00:34:19

Health: -30/72     AC: 33    Str: 30 (31) XL:     12   Next: 99%
Magic:  12/12      EV:  7    Int:  9      God:    Hepliaklqana [****..]
Gold:   1540       SH: 13    Dex:  7 (9)  Spells: 11/11 levels left

rFire   + . .      SeeInvis +   C - +4 mace (vorpal)
rCold   . . .      Faith    .   o - +2 tower shield {rN+}
rNeg    + + .      Spirit   .   a - +2 chain mail {rF+}
rPois   ∞          Reflect  .   h - +2 helmet
rElec   +          Harm     .   B - +0 cloak
rCorr   .          Rampage  .   J - +2 pair of gloves
Will    .....                   s - +0 pair of boots
Stlth   ..........              M - amulet of regeneration
HPRegen 1.02/turn               K - +6 ring of strength
MPRegen 0.13/turn               q - ring of see invisible

@: no status effects
A: reduced essence, sickness immunity, AC +8, negative energy resistance 1,
electricity resistance, torment resistance 1, petrification resistance
a: Renounce Religion, Recall Ancestor, Ancestor Identity, Transference, Idealise


You were on level 13 of the Dungeon.
You worshipped Hepliaklqana.
Hepliaklqana was greatly pleased with you.
You visited 2 branches of the dungeon, and saw 14 of its levels.
You also visited: Sewer.

You collected 2140 gold pieces.
You spent 600 gold pieces at shops.

Inventory:

Hand Weapons
 i - a +4 dire flail of protection
 u - a +4 morningstar
 C - a +4 vorpal mace (weapon)
Missiles
 t - 11 boomerangs
 y - 5 silver javelins
 D - 28 poisoned darts (quivered)
 I - 6 atropa-tipped darts
Armour
 a - a +2 chain mail of fire resistance (worn)
 c - a +0 buckler
 h - a +2 helmet (worn)
 o - a +2 tower shield of positive energy (worn)
 s - a +0 pair of boots (worn)
 B - a +0 cloak (worn)
 J - a +2 pair of gloves (worn)
Jewellery
 p - an amulet of the acrobat
 q - a ring of see invisible (right hand)
 K - a +6 ring of strength (left hand)
 L - a ring of resist corrosion
 M - an amulet of regeneration (around neck)
Wands
 E - a wand of charming (10)
 H - a wand of digging (4)
 N - a wand of mindburst (7)
Scrolls
 b - a scroll of torment {unknown}
 k - 3 scrolls of teleportation
 m - 2 scrolls of fear
 w - a scroll of enchant weapon
 G - 3 scrolls of magic mapping
Potions
 d - 8 potions of might
 e - 3 potions of brilliance
 f - a potion of heal wounds
 g - 8 potions of curing
 j - a potion of ambrosia {unknown}
 l - a potion of magic {unknown}
 n - 3 potions of berserk rage
 r - 5 potions of lignification
 v - 3 potions of flight {unknown}
 x - a potion of invisibility {unknown}
 z - a potion of resistance
 A - 5 potions of mutation {unknown}
 F - a potion of cancellation {unknown}


   Skills:
 * Level 12.0 Fighting
 * Level 10.8 Maces & Flails
 * Level 12.0 Armour
 * Level 8.9 Dodging
 + Level 4.5 Shields
 + Level 0.4 Invocations
 + Level 2.4 Evocations


You had 11 spell levels left.
You didn't know any spells.
Your spell library contained the following spells:

 Spells                   Type           Power      Damage    Failure   Level
 Beastly Appendage        Tmut           0%         N/A       100%        1
 Slow                     Hex            0%         N/A       100%        1
 Summon Small Mammal      Summ           0%         N/A       100%        1
 Wereblood                Tmut           0%         N/A       100%        2
 Call Canine Familiar     Summ           0%         N/A       100%        3
 Confusing Touch          Hex            0%         N/A       100%        3
 Spider Form              Tmut/Pois      0%         N/A       100%        3
 Summon Guardian Golem    Hex/Summ       0%         N/A       100%        3
 Vampiric Draining        Necr           0%         2d6       100%        3


Dungeon Overview and Level Annotations

Branches:
Dungeon (13/15)            Temple (1/1) D:4            Lair (0/6) D:9
    Orc (0/2) D:10          Sewer (visited)
 Vaults: D:13-14

Altars:
Ashenzari
Cheibriados
Dithmenos
Elyvilon
Fedhas
Gozag
Hepliaklqana
Kikubaaqudgha
Makhleb
Nemelex Xobeh
Okawaru
Qazlal
Ru
Sif Muna
Trog
Uskayaw
Vehumet
Wu Jian
Xom
Yredelemnul
Zin
The Shining One

Shops:
D:11 =

Annotations:
D:13 3 runed translucent doors, flestrin's ghost, journeyman DECj


Innate Abilities, Weirdness & Mutations

Your life essence is reduced to manifest your ancestor. (-10% HP)
You are immune to sickness and miasma.
Your stone body is resilient. (AC +8)
You are immune to poison.
You resist negative energy. (rN+)
You are resistant to electric shocks. (rElec)
You are resistant to unholy torment.
You are immune to petrification.


Message History

Henutemipet hits the enormous slime creature with a +0 dagger of draining!
Henutemipet drains the enormous slime creature.
The slime creature hits you.
You block the enormous slime creature's attack.
You bludgeon the enormous slime creature!!
The enormous slime creature is heavily wounded.
Henutemipet hits the enormous slime creature with a +0 dagger of draining!
You block the slime creature's attack.
An enormous slime creature splits.
You strike the helpless large slime creature from behind!
You sock the large slime creature!
The large slime creature is severely wounded.
Henutemipet hits the large slime creature with a +0 dagger of draining.
The slime creature hits you but does no damage.
The large slime creature hits you.
Two slime creatures merge to form an enormous slime creature.
Henutemipet hits the enormous slime creature with a +0 dagger of draining!
You sock the enormous slime creature!
The enormous slime creature is severely wounded.
The slime creature barely misses you.
Henutemipet hits the enormous slime creature with a +0 dagger of draining.
Henutemipet drains the enormous slime creature.
You sock the enormous slime creature!
The enormous slime creature is severely wounded.
The slime creature seems less confused.
The slime creature hits you.
The enormous slime creature closely misses you.
Henutemipet hits the enormous slime creature with a +0 dagger of draining!
You block the enormous slime creature's attack.
The slime creature barely misses you.
Two slime creatures merge to form a titanic slime creature.
You sock the titanic slime creature!
The titanic slime creature is severely wounded.
Henutemipet gestures at the titanic slime creature while chanting.
The titanic slime creature resists with some effort.
You block the slime creature's attack.
You sock the titanic slime creature!
The titanic slime creature is almost dead.
Henutemipet barely misses the titanic slime creature.
The titanic slime creature hits you!!!
Ouch! That really hurt!
You die...

...##............#
##...<............ ##
.................##.##
.....#.......##......##
#....#..##...##.......#.
........#####...........
.........#####..#.......
..#####..##.##.##J......
###.KW##........@R......
#.#K#K#.........J.##...
..K#KK+...#...........
[.KKKK+..##.......####
(..#KK+...##.....#.#
#.#.#K#..###.#.....#
##.⌠.##..# #.#..##..
#####..## #...## ##.
#.## ##...


You could see the friendly Henutemipet the hexer, a titanic slime creature
(drained, ally target) and a slime creature.

Vanquished Creatures
  A boulder beetle (D:13)
  6 two-headed ogres
  Nergalle (D:11)
  Lodul (D:9)
  Pikel (D:7)
  An orc knight (D:10)
  2 cyclopes
  Joseph (D:10)
  3 gargoyles
  2 unseen horrors
  3 trolls
  A basilisk (D:9)
  A vampire (D:12)
  3 wyverns
  11 yaks
  3 vampire mosquitoes (D:12)
  An acid dragon (D:12)
  6 water moccasins
  A sky beast (D:6)
  A black bear (D:5)
  4 orc warriors
  An ice beast (D:5)
  4 ogres
  3 centaurs
  3 lemures (D:7)
  A phantom (D:7)
  3 kobold brigands (D:9)
  A scorpion (D:7)
  2 bullfrogs
  A gnoll sergeant (D:8)
  10 wights
  Dowan (D:7)
  7 killer bees
  An electric eel (D:9)
  3 howler monkeys
  A gnoll shaman (D:5)
  A jelly (D:7)
  2 orc priests
  4 iguanas
  5 orc wizards
  12 adders
  4 gnolls
  2 white imps
  2 ufetubi (D:5)
  3 dart slugs (D:2)
  32 orcs
  6 endoplasms
  6 giant cockroaches
  6 goblins
  11 hobgoblins
  2 jackals (D:1)
  15 kobolds
  2 quokkas
  10 ball pythons
  10 bats
  2 frilled lizards (D:3)
  6 rats
239 creatures vanquished.

Vanquished Creatures (collateral kills)
  Erolcha (D:12)
  2 two-headed ogres (D:8)
  Erica (D:9)
  A deep elf pyromancer (D:12)
  An ugly thing (D:12)
  An unseen horror (D:11)
  6 yaks
  A wyvern (D:9)
  2 wraiths
  A steam dragon (D:7)
  An acid dragon (D:9)
  2 water moccasins (D:9)
  Duvessa (D:7)
  An orc warrior (D:10)
  A sky beast (D:6)
  2 ogres (D:7)
  A centaur (D:7)
  A bullfrog (D:8)
  4 killer bees
  3 howler monkeys
  A jelly (D:5)
  2 orc priests
  2 hounds
  Crazy Yiuf (D:4)
  2 orc wizards
  2 iguanas (D:7)
  5 gnolls
  10 orcs
  A hobgoblin (D:10)
  3 kobolds (D:9)
63 creatures vanquished.

Vanquished Creatures (others)
  Ijyb (D:5)
  6 hexers
  2 ancestors (D:6)
  5 plants (D:9)
14 creatures vanquished.

Grand Total: 316 creatures vanquished

Notes
Turn   | Place    | Note
-------+----------+-------------------------------------------
     0 | D:1      | Dabor the Gargoyle Fighter began the quest for the Orb.
     0 | D:1      | Reached XP level 1. HP: 14/14 MP: 1/1
    73 | D:1      | Reached XP level 2. HP: 9/19 MP: 2/2
   733 | D:1      | Reached XP level 3. HP: 17/23 MP: 3/3
   744 | D:1      | Reached skill level 1 in Dodging
  1044 | D:2      | Found a faded altar of an unknown god.
  1049 | D:2      | Prayed at the altar of an unknown god.
  1049 | D:2      | Became a worshipper of Uskayaw the Reveller
  1049 | D:2      | Reached * piety under Uskayaw
  1073 | D:2      | Fell from the grace of Uskayaw
  1283 | D:2      | Reached XP level 4. HP: 28/29 MP: 4/4
  2640 | D:3      | Paralysed by the fury of Uskayaw for 5 turns
  2879 | D:4      | Reached XP level 5. HP: 31/33 MP: 5/5
  2961 | D:4      | Found a staircase to the Ecumenical Temple.
  2967 | Temple   | Entered the Ecumenical Temple
  3263 | Temple   | Became a worshipper of Hepliaklqana the Forgotten
  3308 | D:4      | Paralysed by the fury of Uskayaw for 6 turns
  3574 | D:4      | Found a runed translucent door.
  3575 | D:4      | Noticed Crazy Yiuf
  3772 | D:4      | You fall into a shaft and drop 1 floor!
  3772 | D:5      | Entered Level 5 of the Dungeon
  3772 | D:5      | Noticed a black bear
  3785 | D:5      | Killed a black bear
  3786 | D:5      | Reached XP level 6. HP: 30/39 MP: 6/6
  3897 | D:5      | Found a glowing drain.
  4005 | Sewer    | Entered a sewer
  4047 | Sewer    | Noticed a water moccasin
  4049 | Sewer    | Reached * piety under Hepliaklqana
  4066 | Sewer    | Killed a water moccasin
  4067 | Sewer    | Reached skill level 5 in Fighting
  4067 | Sewer    | Reached skill level 5 in Armour
  4613 | D:5      | Noticed a water moccasin
  4616 | D:5      | Noticed an ice beast
  4624 | D:5      | Reached XP level 7. HP: 17/39 MP: 7/7
  5217 | D:4      | Killed Crazy Yiuf
  5407 | D:5      | Reached XP level 8. HP: 22/45 MP: 8/8
  5827 | D:5      | Identified the +0 scale mail "Licri" {rPois rC+ Str-4}
  5827 | D:5      | Noticed Ijyb
  5834 | D:5      | Killed Ijyb
  6119 | D:6      | Identified the +9 dagger "Sidoss" {freeze, rN+}
  6148 | D:6      | Reached skill level 5 in Maces & Flails
  6262 | D:6      | Was forgiven by Uskayaw
  6922 | D:6      | Reached ** piety under Hepliaklqana
  6923 | D:6      | Remembered your ancestor Henutemipet as a hexer
  7119 | D:7      | Reached XP level 9. HP: 50/50 MP: 9/9
  7144 | D:7      | Noticed Pikel
  7197 | D:7      | Killed Pikel
  7198 | D:7      | Reached skill level 5 in Dodging
  7412 | D:7      | Noticed Dowan
  7414 | D:7      | Noticed Duvessa
  7442 | D:7      | Killed Duvessa
  7444 | D:7      | Killed Dowan
  7616 | D:7      | Identified a scroll of acquirement
  7624 | D:7      | Acquired 831 gold pieces
  7959 | D:8      | Noticed a two-headed ogre
  7971 | D:8      | Killed a two-headed ogre
  7972 | D:8      | Reached XP level 10. HP: 15/58 MP: 10/10
  8622 | D:8      | Noticed a two-headed ogre
  8632 | D:8      | Killed a two-headed ogre
  8905 | D:9      | Noticed a two-headed ogre
  9411 | D:8      | Killed a two-headed ogre
  9539 | D:9      | Found a blossoming altar of Fedhas.
  9578 | D:9      | Killed Erica
  9690 | D:9      | Reached XP level 11. HP: 44/63 MP: 8/11
  9875 | D:9      | Found a staircase to the Lair.
  9922 | D:9      | Reached skill level 10 in Armour
  9942 | D:9      | Reached skill level 10 in Fighting
 10448 | D:10     | Entered Level 10 of the Dungeon
 10802 | D:10     | Found a staircase to the Orcish Mines.
 10846 | D:10     | Reached *** piety under Hepliaklqana
 10865 | D:10     | Noticed a cyclops
 10879 | D:10     | Killed a cyclops
 11018 | D:10     | Noticed Joseph
 11033 | D:10     | Killed Joseph
 11066 | D:10     | Noticed a two-headed ogre
 11067 | D:10     | Noticed Lodul
 11068 | D:10     | Noticed a two-headed ogre
 11077 | D:10     | Noticed a two-headed ogre
 11078 | D:10     | Noticed a two-headed ogre
 11090 | D:9      | HP: 3/65 [two-headed ogre/+0 dire flail (16)]
 11093 | D:9      | Killed a two-headed ogre
 12032 | D:9      | Killed a two-headed ogre
 12049 | D:9      | Killed Lodul
 12378 | D:10     | Killed a two-headed ogre
 12397 | D:9      | Killed a two-headed ogre
 12398 | D:9      | Reached XP level 12. HP: 31/72 MP: 5/12
 12973 | D:10     | Reached skill level 10 in Maces & Flails
 13422 | D:11     | Found Gisa Dol's Jewellery Emporium.
 13427 | D:11     | Bought a ring of resist corrosion for 240 gold pieces
 13427 | D:11     | Bought an amulet of regeneration for 360 gold pieces
 13575 | D:11     | Noticed a two-headed ogre
 13576 | D:11     | Noticed Nergalle
 13582 | D:11     | Killed a two-headed ogre
 13586 | D:11     | Reached skill level 1 in Evocations
 13595 | D:11     | Killed Nergalle
 14427 | D:11     | Reached **** piety under Hepliaklqana
 14900 | D:12     | Noticed Erolcha
 14911 | D:12     | Killed Erolcha
 15340 | D:13     | Noticed a boulder beetle
 15345 | D:13     | Found a runed translucent gate.
 15345 | D:13     | Noticed flestrin's ghost (journeyman DECj)
 15360 | D:13     | Killed a boulder beetle
 15363 | D:13     | Found a runed translucent gate.
 15364 | D:13     | Found a runed translucent gate.
 15402 | D:13     | Annihilated by a titanic slime creature

Illustrated notes

Levels and vault maps discovered:
D:1:      dpeg_arrival_shrine, layout_rooms
D:2:      layout_basic, nicolae_ecumenical_pavilion, kennysheep_nondescript
D:3:      layout_basic, minmay_cut_off
D:4:      layout_basic, minmay_temple_entry_hall, minmay_misc_feat_more_columns,
          uniq_crazy_yiuf_cottage
D:5:      layout_loops_corners, gup_sewer_entry_glass, grunt_ministairs_7,
          minmay_misc_feat_pillars, uniq_ijyb
D:6:      layout_loops_ring
D:7:      layout_basic, uniq_pikel, uniq_duvessa
D:8:      layout_gridville
D:9:      layout_big_octagon, amcnicky_altar_gilded, minmay_lair_entry_grove,
          uniq_erica
D:10:     cheibrodos_orc_bank, layout_cave_pools, orc_0_dummy,
          chequers_serial_rivers_micro_c, feat_on_display, uniq_joseph,
          uniq_lodul
D:11:     layout_cave_pods, serial_shops, nicolae_shop_hallway_plus,
          uniq_nergalle
D:12:     layout_roguey, uniq_erolcha
D:13:     layout_cave_pools, david_vaults_4, gammafunk_ghost_nasty_kobolds,
          eat_drink_and_be_merry_uskayaw
Temple:   nicolae_temple_the_god_donut

Skill      XL: |  1  2  3  4  5  6  7  8  9 10 11 12 |
---------------+-------------------------------------+-----
Dodging        | 1 2 3 4 5 6 8 |  8.9
Armour         | 4 5 6 8 9 11 12 | 12.0
Fighting       | 4 5 6 8 9 11 12 | 12.0
Maces & Flails | 3 4 5 7 8 9 10 | 10.8
Evocations     | 2 |  2.4
Shields        | 4 |  4.5
Invocations    | |  0.4

Action                   |  1- 3 |  4- 6 |  7- 9 | 10-12 || total
-------------------------+-------+-------+-------+-------++-------
Melee: Flail             |   106 |   224 |    21 |       ||   351
       Mace              |       |       |   131 |   570 ||   701
Throw: Dart              |       |     1 |     3 |    22 ||    26
       Boomerang         |       |       |    19 |    23 ||    42
       Javelin           |       |       |       |     9 ||     9
Invok: Renounce Religion |     1 |       |       |       ||     1
       Ancestor Life: He |       |       |     1 |       ||     1
       Recall Ancestor   |       |       |       |     1 ||     1
Evoke: Wand              |       |       |     4 |       ||     4
  Use: Scroll            |       |     9 |     4 |     9 ||    22
       Potion            |       |       |       |     8 ||     8
 Stab: Distracted        |       |       |     1 |     6 ||     7
       Confused          |       |       |       |     6 ||     6
Armor: Scale mail        |    64 |   172 |   111 |       ||   347
       Chain mail        |       |       |     4 |   530 ||   534
Dodge: Dodged            |    55 |   195 |   114 |   205 ||   569
Block: Buckler           |    32 |    61 |    40 |    16 ||   149
       Tower shield      |       |       |       |   521 ||   521

Table legend: (Time is in decaauts)
 A = Elapsed time spent in this place.
 B = Non-inter-level travel time spent in this place.
 C = Inter-level travel time spent in this place.
 D = Time resting spent in this place.
 E = Time spent auto-exploring this place.
 F = Levels seen in this place.
 G = Mean time per level.
                   A        B        C        D        E       F      G
               +--------+--------+--------+--------+--------+-----+--------+
         Total |  15756 |  15281 |    475 |   4219 |   7368 |  15 | 1050.4 |
       Dungeon |  15285 |  14818 |    467 |   4184 |   7110 |  13 | 1175.8 |
        Temple |    309 |    301 |      8 |      0 |    258 |   1 |  309.0 |
         Sewer |    161 |    161 |      0 |     35 |      0 |   1 |  161.0 |
               +--------+--------+--------+--------+--------+-----+--------+

Top non-repeatable levels by time:
     D:9: 2958 daAuts
     D:5: 1590 daAuts
    D:11: 1438 daAuts
     D:7: 1432 daAuts
     D:4: 1228 daAuts
     D:2: 1084 daAuts
     D:1: 1072 daAuts
     D:8: 1022 daAuts
     D:6: 970 daAuts
    D:12: 835 daAuts
    D:10: 821 daAuts
     D:3: 758 daAuts
  Temple: 309 daAuts
   Sewer: 161 daAuts
    D:13: 71 daAuts
